Map: Triton LE

Players

Puceq - Winner!

  • Race: Protoss Protoss
  • League: Master
  • Spawn Location: 5:00

A.I. 1 (Elite)

  • Race: Terran Terran
  • Spawn Location: 11:00

VOD

Have the link to the VOD?

Description

Time

  • Played on: Dec. 29, 2019, 4:21 p.m.
  • Length: 3:48
Show
View Real Time Build Order
Export as new Build Order

Puceq Protoss - Winner!

Build Orders:  

Get SALT Encoding   

  12  0:00  Probe  
  13  0:13  Probe  
  14  0:17  Pylon  
  14  0:25  Probe  
  15  0:36  Gateway  
  15  0:38  Probe  
  16  0:46  Assimilator  
  16  0:55  Pylon  
  16  0:57  Probe (Chrono Boost)  
  17  1:08  Probe (Chrono Boost)  
  18  1:14  Gateway  
  19  1:24  Cybernetics Core  
  18  1:26  Probe  
  19  1:36  Assimilator  
  19  1:39  Pylon  
  19  1:43  Probe  
  20  1:57  Probe  
  23  2:02  Stalker (Chrono Boost)  
  25  2:10  Probe, Stalker (Chrono Boost)  
  26  2:22  Stalker (Chrono Boost)  
  28  2:35  Stalker (Chrono Boost)  
  30  2:45  Stalker  
  32  3:01  Stalker  
  34  3:15  Stalker  
Show
View Real Time Build Order
Export as new Build Order

A.I. 1 (Elite) Terran 

Build Orders:  

Get SALT Encoding   

  12  0:00  SCV  
  13  0:13  SCV  
  14  0:18  Supply Depot  
  14  0:25  SCV  
  15  0:40  SCV  
  16  0:43  Barracks  
  16  0:52  SCV  
  17  1:04  SCV  
  18  1:16  SCV  
  19  1:19  Command Center  
  19  1:32  Marine  
  20  1:34  Orbital Command  
  20  1:40  Refinery  
  20  1:49  Marine  
  20  1:52  Supply Depot  
  21  1:59  SCV  
  22  2:04  Refinery  
  22  2:07  Marine  
  23  2:14  SCV  
  24  2:25  Marine  
  24  2:26  SCV  
  26  2:31  SCV  
  27  2:40  Barracks  
  27  2:43  Orbital Command, Marine  
  27  2:50  Supply Depot, SCV  
  25  3:01  Marine  
  25  3:02  SCV  
  26  3:09  SCV  
  25  3:14  SCV  
  25  3:19  Marine  
  25  3:21  SCV  
  25  3:27  SCV, Marine  
  22  3:33  SCV  
Tags
 
League
Master
Matchup
PvT
Spawn Locations
Cross Positions
Add a new tag
Caveats
  • Supply blocks, unpowered buildings, or Contaminate may cause inaccurate times.
  • Supply counts are checked every 10 seconds.